 Dungeon Crawl Stone Soup version 0.13.0-21-ge43020b (webtiles) character file.

268 Kae the Ruinous (level 4, -6/24 HPs)
             Began as a Tengu Fire Elementalist on Oct 26, 2013.
             Mangled by Edmund
             ... wielding a +2,+2 flail of draining
              (7 damage)
             ... on Level 4 of the Dungeon.
             The game lasted 00:03:30 (1937 turns).

Kae the Ruinous (Tengu Fire Elementalist)           Turns: 1937, Time: 00:03:30

HP  -6/24        AC  4     Str  8      XL: 4   Next: 72%
MP   1/8         EV 11     Int 17      God:
Gold 169         SH  0     Dex 14      Spells:  3 memorised,  0 levels left

Res.Fire  : . . .   See Invis. : .   j - +0 hand axe
Res.Cold  : . . .   Warding    : .   a - +0 robe
Life Prot.: . . .   Conserve   : .   (no shield)
Res.Poison: .       Res.Corr.  : .   (helmet restricted)
Res.Elec. : .       Clarity    : .   (no cloak)
Sust.Abil.: . .     Spirit.Shd : .   (no gloves)
Res.Mut.  : .       Stasis     : .   (boots unavailable)
Res.Rott. : .       Flight     : .   (no amulet)
Saprovore : . . .                    (no ring)
                                     i - cursed +2 ring of protection

@: very slightly contaminated, heavily drained, slightly resistant to hostile
enchantments, unstealthy
A: beak, talons 3
a: no special abilities


You were on level 4 of the Dungeon.
You were not hungry.

You visited 1 branch of the dungeon, and saw 4 of its levels.

You collected 149 gold pieces.

Inventory:

Hand weapons
 j - a +0,+0 hand axe (weapon)
Missiles
 e - a dart of dispersal (quivered)
 l - 4 darts of flame
Armour
 a - a +0 robe (worn)
Magical devices
 r - a wand of hasting (3) {unknown}
 v - a wand of hasting (3) {unknown}
Comestibles
 d - an orange
Scrolls
 f - 2 scrolls of remove curse {unknown}
 k - 8 scrolls of identify {unknown}
 u - a scroll of fog {unknown}
 w - a scroll of recharging {unknown}
 x - a scroll of fear {unknown}
Jewellery
 i - a cursed +2 ring of protection (left hand)
 t - a cursed ring of protection from fire {unknown}
Potions
 g - a potion of restore abilities {unknown}
 m - 2 potions of speed {unknown}
 n - 2 potions of brilliance {unknown}
 o - a potion of poison {unknown}
 p - a potion of heal wounds {unknown}
 q - a potion of cure mutation {unknown}
 s - 2 potions of mutation {unknown}
Books
 b - a book of Flames

   Spells                             Type                      Level
   *Flame Tongue                      Conjuration/Fire             1
   *Throw Flame                       Conjuration/Fire             2
   *Conjure Flame                     Conjuration/Fire             3
   Inner Flame                        Hexes/Fire                   3
   Sticky Flame                       Conjuration/Fire             4
   Fireball                           Conjuration/Fire             5


   Skills:
 - Level 2.1(0.6) Dodging
 - Level 2.0(0.5) Stealth
 + Level 1.7(0.2) Spellcasting
 * Level 4.4(2.8) Conjurations
 + Level 4.1(2.5) Fire Magic


You couldn't memorise any spells.
You knew the following spells:

 Your Spells              Type           Power        Failure   Level  Hunger
a - Flame Tongue          Conj/Fire      #....        10%         1    ##.....
b - Throw Flame           Conj/Fire      #.....       14%         2    ###....
c - Conjure Flame         Conj/Fire      #.......     24%         3    ####...


Dungeon Overview and Level Annotations

Branches:
Dungeon (4/27)
 Temple: D:4-7

Altars:

Annotations:
D:4 Edmund


Innate Abilities, Weirdness & Mutations

You have a beak for a mouth.
You have claws for feet.


Message History

Casting: Flame Tongue
Confirm with . or Enter, or press ? or * to list all spells.
You don't have enough magic to cast that spell.
You hit Edmund but do no damage.
Edmund is lightly wounded.
Edmund hits you but does no damage.
You feel drained.
Edmund hits you with a flail of draining.
* * * LOW HITPOINT WARNING * * *
You feel drained.
* * * LOW HITPOINT WARNING * * *
You barely miss Edmund.
Edmund is lightly wounded.
Edmund says, "I might not be good at magic, but I can still kill you!"
Edmund hits you with a flail of draining.
* * * LOW HITPOINT WARNING * * *
You feel drained.
You hit Edmund but do no damage. You claw Edmund, but do no damage.
Edmund is lightly wounded.
Edmund hits you with a flail of draining!
You die...

.#...........
..............
.###............
................
.................
#.....## #..#...#
###<.### #@@#<#
######


You could see Edmund.

Vanquished Creatures
  4 adders
  A worm (D:2)
  A giant gecko (D:2)
  An ooze (D:1)
  11 bats
  7 giant cockroaches
  9 goblins
  4 hobgoblins
  A quokka (D:2)
  2 ball pythons (D:2)
  4 kobolds (D:1)
  8 rats
53 creatures vanquished.

Notes
Turn   | Place    | Note
--------------------------------------------------------------
     0 | D:1      | Kae, the Tengu Fire Elementalist, began the quest for the Orb.
     0 | D:1      | Reached XP level 1. HP: 10/10 MP: 3/3
   185 | D:1      | Reached XP level 2. HP: 15/15 MP: 0/5
   534 | D:1      | Reached XP level 3. HP: 17/19 MP: 2/6
  1017 | D:2      | Reached XP level 4. HP: 24/24 MP: 5/8
  1087 | D:2      | Reached skill level 4 in Fire Magic
  1902 | D:4      | Noticed Edmund
  1913 | D:4      | Learned a level 2 spell: Throw Flame
  1917 | D:4      | Learned a level 3 spell: Conjure Flame
  1936 | D:4      | HP: 1/24 [Edmund/flail of draining (1)]
  1937 | D:4      | Mangled by Edmund

Action                   |  1- 3 |  4- 6 || total
-------------------------+-------+-------++-------
Melee: Unarmed           |    13 |       ||    13
       Hand axe          |    38 |    11 ||    49
 Cast: Flame Tongue      |    49 |    24 ||    73
  Use: Scroll            |     1 |       ||     1
 Stab: Sleeping          |       |     1 ||     1
